 Dungeon Crawl Stone Soup version 0.26-a0-64-g059e62fbdb (webtiles) character file.

Game seed: 5540810836393733647

12075 Argons the Thaumaturge (level 11, -11/75 HPs)
             Began as a Mummy Wizard on June 10, 2020.
             Was a Priest of Vehumet.
             Killed from afar by a necromancer (57 damage)
             ... with a bolt of fire
             ... in a Gauntlet.
             The game lasted 01:47:40 (22353 turns).

Argons the Thaumaturge (Mummy Wizard)              Turns: 22353, Time: 01:47:42

Health: -11/75     AC:  5    Str: 10    XL:     11   Next: 57%
Magic:  16/25      EV: 16    Int: 21    God:    Vehumet [***...]
Gold:   479        SH:  0    Dex: 17    Spells: 9/30 levels left

rFire    x . .     SeeInvis .   c - +1 dagger
rCold    + . .     Gourm    .   (no shield)
rNeg     + + +     Faith    .   a - +0 robe
rPois    ∞         Spirit   .   g - +0 helmet
rElec    .         Reflect  .   (no cloak)
rCorr    .         Harm     .   r - +1 pair of gloves
MR       +....     NoTele   +   (no boots)
Stlth    +++.......             (no amulet)
HPRegen  0.22/turn              n - +6 ring of dexterity
MPRegen  0.19/turn              s - +4 ring of evasion

@: frozen ramparts
A: no food or potions, fire vulnerability, cold resistance 1, negative energy
resistance 3, torment resistance, unbreathing
a: Renounce Religion


You were in a Gauntlet.
You worshipped Vehumet.
Vehumet was most pleased with you.
You were not hungry.

You visited 2 branches of the dungeon, and saw 12 of its levels.
You also visited: Sewer and Gauntlet.

You collected 479 gold pieces.

Inventory:

Hand Weapons
 c - a +1 dagger (weapon)
Missiles
 e - 3 boomerangs
 f - 9 poisoned darts (quivered)
 h - 8 silver boomerangs
 m - 8 curare-tipped darts
 v - a boomerang of dispersal
 z - 3 atropa-tipped darts
Armour
 a - a +0 robe (worn)
 g - a +0 helmet (worn)
 r - a +1 pair of gloves (worn)
Jewellery
 n - a +6 ring of dexterity (left hand)
 p - an uncursed ring of protection from magic
 s - a +4 ring of evasion (right hand)
Wands
 i - a wand of polymorph (19)
 o - a wand of clouds (6)
 w - a wand of enslavement (9)
 x - a wand of flame (24)
 y - a wand of random effects (18)
 B - a wand of disintegration (12)
Scrolls
 b - 4 scrolls of magic mapping
 d - 6 scrolls of remove curse
 j - 3 scrolls of teleportation
 k - 5 scrolls of blinking
 l - 3 scrolls of amnesia
 q - a scroll of enchant weapon
 t - a scroll of acquirement {unknown}
 u - 2 scrolls of enchant armour
 A - 2 scrolls of identify


   Skills:
 - Level 3.0 Fighting
 - Level 1.5 Dodging
 - Level 5.0 Stealth
 - Level 10.0 Spellcasting
 + Level 8.4 Conjurations
 + Level 6.1 Summonings
 - Level 2.0 Translocations
 - Level 8.0 Ice Magic


You had 9 spell levels left.
You knew the following spells:

 Your Spells              Type           Power        Failure   Level  Hunger
a - Magic Dart            Conj           ####         1%          1    N/A
b - Frozen Ramparts       Ice            #####.       1%          3    N/A
c - Hailstorm             Conj/Ice       #####...     1%          4    N/A
d - Freeze                Ice            ####         1%          1    N/A
e - Call Imp              Summ           #####...     1%          2    N/A
f - Slow                  Hex            ##......     10%         2    N/A
g - Summon Ice Beast      Ice/Summ       #####...     3%          4    N/A
h - Iskenderun's Mystic   Conj/Tloc      ####....     2%          4    N/A

Your spell library contained the following spells:

 Spells                   Type           Power        Failure   Level  Hunger
 Ignite Poison            Fire/Tmut/Pois ##......     5%          3    N/A
 Summon Butterflies       Summ           #####...     1%          1    N/A
 Searing Ray              Conj           #####.       1%          2    N/A
 Call Canine Familiar     Summ           #####...     1%          3    N/A
 Conjure Flame            Conj/Fire      ####....     1%          3    N/A
 Dazzling Flash           Conj/Hex       ####..       1%          3    N/A
 Mephitic Cloud           Conj/Pois/Air  ###.....     1%          3    N/A
 Ozocubu's Armour         Chrm/Ice       ####....     3%          3    N/A
 Fulminant Prism          Conj/Hex       ####......   3%          4    N/A
 Blink                    Tloc           N/A          4%          2    N/A
 Animate Skeleton         Necr           N/A          6%          1    N/A
 Pain                     Necr           ##..         6%          1    N/A
 Shroud of Golubria       Chrm/Tloc      ##....       6%          2    N/A
 Gell's Gravitas          Tloc           ###.......   9%          3    N/A
 Lesser Beckoning         Tloc           ###.......   9%          3    N/A
 Teleport Other           Tloc           ###.....     9%          3    N/A
 Confusing Touch          Hex            ##......     19%         3    N/A
 Vampiric Draining        Necr           ##........   19%         3    N/A
 Passage of Golubria      Tloc           N/A          26%         4    N/A
 Metabolic Englaciation   Hex/Ice        ####......   34%         5    N/A
 Yara's Violent Unravell  Hex/Tmut       ##........   41%         5    N/A
 Summon Mana Viper        Hex/Summ       ###.....     45%         5    N/A
 Animate Dead             Necr           N/A          54%         4    N/A
 Petrify                  Tmut/Erth      ##......     54%         4    N/A
 Agony                    Necr           ##......     87%         5    N/A
 Summon Hydra             Summ           #####.....   99%         7    N/A

Dungeon Overview and Level Annotations

Branches:
Dungeon (11/15)            Temple (1/1) D:6            Lair (0/6) D:11
    Orc (0/2) D:9           Sewer (visited)         Gauntlet (1/1)

Altars:
Ashenzari
Cheibriados
Dithmenos
Elyvilon
Fedhas
Gozag
Hepliaklqana
Kikubaaqudgha
Makhleb
Nemelex Xobeh
Okawaru
Qazlal
Ru
Sif Muna
Trog
Uskayaw
Vehumet
Wu Jian
Xom
Yredelemnul
Zin
The Shining One
Beogh

Shops:
D:4 (}   D:5 [   D:8 :

Annotations:
D:4 gadget shop
D:8 spell book shop Gauntlet 17 transporters


Innate Abilities, Weirdness & Mutations

You do not eat or drink.
Your flesh is vulnerable to fire.
You are immune to poison.
Your flesh is cold resistant. (rC+)
You are immune to negative energy. (rN+++)
You are immune to unholy pain and torment.
You can survive without breathing.


Message History

Aiming: Freeze (safe; 1% risk of failure)
Press: ? - help, Shift-Dir - straight line, f - necromancer
Aim: a necromancer, wielding a +0 dagger and wearing a +0 robe (lightly wounded)
You freeze the necromancer.
The necromancer is lightly wounded.
The wall freezes the necromancer!
The necromancer hits you but does no damage.
The wall freezes the wolf.
Casting: Freeze (safe; 1% risk of failure)
Confirm with . or Enter, or press ? or * to list all spells.
Aiming: Freeze (safe; 1% risk of failure)
Press: ? - help, Shift-Dir - straight line, f/p - necromancer
Aim: a necromancer, wielding a +0 dagger and wearing a +0 robe (moderately wounded)
You freeze the necromancer!
The necromancer is heavily wounded.
The wall freezes the necromancer.
The necromancer gestures at you while chanting.
The bolt of fire hits you!!! The fire burns you terribly!
Ouch! That really hurt!
You die...

#################.∩.#############
.................................
..................©..............
.###########.###########.########
.##.#...©.##.#......p.p#.#zz.≈≈..
.#.#..##.#3#.#.#..hh.#.#.#zz≈..≈≈
.##..#P.##4#.#..#####..#.#z..≈..≈
##?###..#.##.#.p##.##..#.#≈.≈.≈≈.
©#©.####.###.#.h@.©....#.#.≈≈..≈.
.#..###....#.#..##.##..#.#....≈≈.
.#4##.#.#.##.#..#####..#.#..≈≈..≈
.#3......#.#.#.#.....#.#.#≈≈≈.≈≈.
.##.#.####.#.#..)|©....#.#..©.≈..
.################################
.#≈≈8≈≈#©.........©.........©#≈≈8
.################################
©...........©#§§§≈8≈§≈≈#©........


You could see a necromancer, a neqoxec, a chaos spawn and a wolf.

Vanquished Creatures
  5 two-headed ogres
  A cyclops (D:7)
  A manticore (D:11)
  A gargoyle (D:10)
  2 hornets (D:9)
  2 hippogriffs
  A vampire (D:11)
  8 yaks (D:10)
  Eustachio (D:6)
  A hungry ghost (D:9)
  A soldier ant (D:9)
  A water moccasin (D:6)
  4 orc warriors
  3 ice beasts
  4 sky beasts
  3 phantoms
  An eye of draining (D:10)
  3 ogres
  2 wolves (Gauntlet)
  A crocodile (D:8)
  3 centaurs
  2 big kobolds
  4 bullfrogs
  A gnoll sergeant (D:8)
  3 scorpions
  15 killer bees
  2 howler monkeys (D:11)
  5 electric eels (D:9)
  A crimson imp (D:10)
  A jelly (D:10)
  A bullfrog skeleton (D:11)
  7 hounds
  A bullfrog zombie (D:9)
  8 orc priests
  3 orc wizards
  2 iguanas
  12 worker ants
  A killer bee zombie (D:10)
  A hound zombie (D:5)
  8 adders
  9 gnolls
  A howler monkey skeleton (D:8)
  2 shadow imps
  An ooze (D:3)
  An adder zombie (D:5)
  4 worms
  A dart slug (D:1)
  8 leopard geckos
  43 orcs
  8 ball pythons
  10 bats
  5 giant cockroaches
  6 goblins
  10 hobgoblins
  14 jackals
  2 quokkas
  9 frilled lizards
  17 kobolds
  A leopard gecko zombie (D:5)
  10 rats
  7 plants
296 creatures vanquished.

Vanquished Creatures (collateral kills)
  An orc warrior (D:6)
  3 ogres
  A centaur (D:5)
  A scorpion (D:5)
  A killer bee (D:7)
  A howler monkey (D:5)
  2 orc priests
  An iguana (D:5)
  2 orc wizards
  A worker ant (D:6)
  Ijyb (D:3)
  A worker ant zombie (D:5)
  3 adders
  A gnoll (D:5)
  A leopard gecko (D:4)
  5 orcs
  2 jackals
  A quokka skeleton (D:5)
29 creatures vanquished.

Vanquished Creatures (others)
  An orc (D:9)
  2 kobolds (D:9)
  16 demonic plants (Gauntlet)
  4 plants
23 creatures vanquished.

Grand Total: 348 creatures vanquished

Notes
Turn   | Place    | Note
-------+----------+-------------------------------------------
     0 | D:1      | Argons the Mummy Wizard began the quest for the Orb.
     0 | D:1      | Reached XP level 1. HP: 13/13 MP: 5/5
   136 | D:1      | Reached skill level 1 in Conjurations
   485 | D:1      | Reached XP level 2. HP: 19/19 MP: 3/7
   977 | D:1      | Reached skill level 5 in Spellcasting
  1530 | D:2      | Reached XP level 3. HP: 20/24 MP: 6/9
  1592 | D:2      | Learned a level 2 spell: Call Imp
  1842 | D:2      | Reached skill level 1 in Summonings
  2171 | D:3      | Learned a level 2 spell: Slow
  2800 | D:3      | Reached XP level 4. HP: 30/30 MP: 6/11
  3666 | D:3      | Reached skill level 6 in Spellcasting
  3832 | D:3      | Noticed Ijyb
  4339 | D:3      | Reached XP level 5. HP: 23/35 MP: 6/13
  4734 | D:3      | Killed Ijyb
  5125 | D:4      | Reached skill level 7 in Spellcasting
  5460 | D:4      | Found Vuux's Antique Weapon Boutique.
  5736 | D:4      | Noticed an ogre
  5741 | D:4      | Found Dezxyteurgh's Gadget Shop.
  5756 | D:4      | Killed an ogre
  5756 | D:4      | Reached XP level 6. HP: 41/41 MP: 9/16
  6008 | D:5      | Entered Level 5 of the Dungeon
  6191 | D:5      | Reached skill level 8 in Spellcasting
  6501 | D:5      | Found a glowing drain.
  6506 | Sewer    | Entered a sewer
  8267 | D:5      | Reached XP level 7. HP: 27/46 MP: 6/18
  8973 | D:5      | Reached skill level 1 in Fighting
  9265 | D:5      | Found Kaliq's Armour Shoppe.
 10031 | D:6      | Found a shattered altar of Ashenzari.
 10105 | D:6      | Found a staircase to the Ecumenical Temple.
 10301 | Temple   | Entered the Ecumenical Temple
 10387 | Temple   | Became a worshipper of Vehumet
 10439 | D:6      | Reached XP level 8. HP: 58/58 MP: 15/20
 10817 | D:6      | Noticed Eustachio
 11518 | D:7      | Noticed a cyclops
 11600 | D:7      | Reached skill level 5 in Conjurations
 12156 | D:7      | Reached skill level 5 in Stealth
 12529 | D:7      | Killed a cyclops
 12529 | D:7      | Reached skill level 9 in Spellcasting
 12529 | D:7      | Reached XP level 9. HP: 63/63 MP: 13/22
 12677 | D:7      | Reached * piety under Vehumet
 12677 | D:7      | Offered knowledge of Freeze by Vehumet.
 12680 | D:7      | Learned a level 1 spell: Freeze
 13312 | D:6      | Reached skill level 1 in Ice Magic
 13330 | D:6      | Killed Eustachio
 13330 | D:6      | Reached skill level 10 in Spellcasting
 13684 | D:8      | Found Vujesout's Book Boutique.
 14425 | D:8      | Learned a level 3 spell: Frozen Ramparts
 14430 | D:8      | Learned a level 4 spell: Hailstorm
 14435 | D:8      | Learned a level 4 spell: Summon Ice Beast
 15159 | D:8      | Reached skill level 5 in Ice Magic
 15405 | D:8      | Found a burning altar of Makhleb.
 15413 | D:8      | Found a blossoming altar of Fedhas.
 15420 | D:8      | Found a snail-covered altar of Cheibriados.
 15422 | D:8      | Found a hide-covered altar of Uskayaw.
 15434 | D:8      | Found a sacrificial altar of Ru.
 15445 | D:8      | Found a sparkling altar of Nemelex Xobeh.
 15449 | D:8      | Found an opulent altar of Gozag.
 15616 | D:8      | Offered knowledge of Foxfire by Vehumet.
 15734 | D:8      | Reached ** piety under Vehumet
 16037 | D:9      | Reached XP level 10. HP: 10/70 MP: 16/24
 16481 | D:9      | Found a staircase to the Orcish Mines.
 16672 | D:9      | Found a roughly hewn altar of Beogh.
 16900 | D:9      | Noticed a two-headed ogre
 17408 | D:9      | Learned a level 4 spell: Iskenderun's Mystic Blast
 17636 | D:9      | Killed a two-headed ogre
 17796 | D:9      | Found a glowing golden altar of the Shining One.
 18292 | D:9      | Reached skill level 5 in Summonings
 18510 | D:9      | Noticed a two-headed ogre
 18522 | D:9      | Killed a two-headed ogre
 19017 | D:9      | HP: 1/70 [hornet (13)]
 19536 | D:10     | Entered Level 10 of the Dungeon
 19725 | D:10     | Noticed a two-headed ogre
 19968 | D:10     | Offered knowledge of Static Discharge by Vehumet.
 20526 | D:10     | Killed a two-headed ogre
 20526 | D:10     | Reached XP level 11. HP: 25/75 MP: 19/25
 20895 | D:10     | Reached *** piety under Vehumet
 21241 | D:10     | Reached skill level 1 in Translocations
 21411 | D:11     | Noticed a two-headed ogre
 21417 | D:11     | Killed a two-headed ogre
 21620 | D:11     | Noticed a two-headed ogre
 21629 | D:11     | Killed a two-headed ogre
 21695 | D:11     | Offered knowledge of Ignite Poison by Vehumet.
 21768 | D:11     | Found a staircase to the Lair.
 21895 | D:11     | Found a gate leading to a gauntlet.
 21910 | Gauntlet | Entered a Gauntlet
 21910 | Gauntlet | Found a transporter.
 22017 | Gauntlet | Found a transporter.
 22032 | Gauntlet | Found a transporter.
 22040 | Gauntlet | Found a transporter.
 22054 | Gauntlet | Noticed a death drake
 22055 | Gauntlet | Found a transporter.
 22073 | Gauntlet | Noticed a blizzard demon
 22075 | Gauntlet | Found a transporter.
 22087 | Gauntlet | Found a transporter.
 22099 | Gauntlet | Found a transporter.
 22099 | Gauntlet | Noticed a blizzard demon
 22108 | Gauntlet | Noticed a four-headed hydra
 22111 | Gauntlet | Found a transporter.
 22123 | Gauntlet | Found a transporter.
 22123 | Gauntlet | Noticed a death drake
 22141 | Gauntlet | Found a transporter.
 22159 | Gauntlet | Found a transporter.
 22161 | Gauntlet | Found a transporter.
 22204 | Gauntlet | Found a transporter.
 22204 | Gauntlet | Found a transporter.
 22205 | Gauntlet | Noticed a necromancer
 22206 | Gauntlet | Found a transporter.
 22272 | Gauntlet | Found a transporter.
 22274 | Gauntlet | Found a transporter.
 22353 | Gauntlet | Killed from afar by a necromancer

Illustrated notes

Levels and vault maps discovered:
D:1:      dpeg_arrival_tiny_j, layout_basic
D:2:      layout_rooms
D:3:      layout_loops_corners, uniq_ijyb
D:4:      layout_cave_pools, serial_shops, kennysheep_little_box,
          nicolae_shop_window_shopping
D:5:      minmay_recursive_quarters, layout_loops_ring, first_ration,
          portal_sewer_entry_e, serial_shops, kennysheep_mini
D:6:      layout_layer_cave, minmay_temple_entry_overgrown, basic_altar,
          uniq_eustachio
D:7:      layout_loops_ring, kennysheep_decorative_pillar, glass_columns_b
D:8:      layout_loops_ring, grunt_temple_overflow_octagram, serial_shops, shop
D:9:      minmay_spotlight, layout_cave_pools, minmay_orc_entry_temple_small,
          basic_altar, serial_bayou, serial_bayou_ford_a, serial_bayou_lagoon_b,
          serial_bayou_pond_c, serial_bayou_pond_c, hangedman_pestilent_swarm,
          lemuel_flame_loot_1
D:10:     layout_roguey
D:11:     layout_cave_pods, lair_entry_dummy, gauntlet_entry_generic
Temple:   regret_index_temple_waves
Gauntlet: gammafunk_gauntlet_one_two_three [nicolae_gauntlet_arena_blocks,
          gammafunk_gauntlet_arena_mazey, nicolae_gauntlet_arena_flowing_pool,
          gammafunk_gauntlet_arena_open, gammafunk_gauntlet_arena_corners,
          gammafunk_gauntlet_arena_arrow_garden,
          gammafunk_gauntlet_arena_crates, nicolae_gauntlet_swirl,
          gammafunk_gauntlet_arena_split_diamond,
          nicolae_gauntlet_exit_dead_adventurers]

Skill      XL: |  1  2  3  4  5  6  7  8  9 10 11 |
---------------+----------------------------------+-----
Conjurations   | 1 3 4 6 7 8 |  8.4
Spellcasting   | 5 6 7 8 9 10 | 10.0
Summonings     | 1 2 5 6 |  6.1
Fighting       | 3 |  3.0
Stealth        | 3 5 |  5.0
Ice Magic      | 5 7 8 |  8.0
Translocations | 2 |  2.0
Dodging        | |  1.5

Action                   |  1- 3 |  4- 6 |  7- 9 | 10-12 || total
-------------------------+-------+-------+-------+-------++-------
Melee: Dagger            |     2 |   713 |   178 |     1 ||   894
Throw: Dart              |     4 |    91 |   121 |    38 ||   254
       Boomerang         |       |       |     2 |       ||     2
 Cast: Magic Dart        |   134 |   244 |   326 |   217 ||   921
       Slow              |     1 |       |       |       ||     1
       Call Imp          |       |    25 |    46 |     2 ||    73
       Freeze            |       |       |    35 |   136 ||   171
       Frozen Ramparts   |       |       |     2 |    20 ||    22
       Hailstorm         |       |       |       |    14 ||    14
       Iskenderun's Myst |       |       |       |     1 ||     1
Evoke: Wand              |       |       |       |     1 ||     1
  Use: Scroll            |     4 |     4 |     5 |       ||    13
 Stab: Sleeping          |     2 |       |     1 |       ||     3
       Distracted        |       |     1 |       |       ||     1
Armor: Robe              |     2 |    20 |    34 |    25 ||    81
Dodge: Dodged            |    27 |   100 |   219 |   147 ||   493

Table legend:
 A = Non-vault XP
 B = Vault XP
 C = Vault XP percentage of total XP
 D = Non-vault monster count
 E = Vault monster count
 F = Vault count percentage of total count
                 A         B        C        D         E       F
            +---------+---------+-------+---------+---------+-------
      Total |   14415 |    2836 |  16.4 |     273 |      45 |  14.2
            +---------+---------+-------+---------+---------+-------
        D:1 |      38 |       0 |   0.0 |      23 |       0 |   0.0
        D:2 |      28 |       0 |   0.0 |      16 |       0 |   0.0
        D:3 |     133 |      20 |  13.1 |      39 |       1 |   2.5
        D:4 |     219 |       0 |   0.0 |      18 |       0 |   0.0
        D:5 |     465 |     196 |  29.7 |      28 |       6 |  17.6
        D:6 |     705 |     187 |  21.0 |      15 |       1 |   6.2
        D:7 |    1809 |       0 |   0.0 |      31 |       0 |   0.0
        D:8 |    1400 |       0 |   0.0 |      34 |       0 |   0.0
        D:9 |    2240 |    2160 |  49.1 |      21 |      16 |  43.2
       D:10 |    4507 |       0 |   0.0 |      37 |       0 |   0.0
       D:11 |    2871 |       0 |   0.0 |      11 |       0 |   0.0
      Sewer |       0 |      39 | 100.0 |       0 |      19 | 100.0
   Gauntlet |       0 |     234 | 100.0 |       0 |       2 | 100.0
            +---------+---------+-------+---------+---------+-------
